 Dungeon Crawl Stone Soup version 0.32-a0-360-gcd93b57 (webtiles) character file.

Game seed: 625235898783612211

5363 Anonymous1 the Unseen (level 10, 0/58 HPs)
             Began as a Kobold Brigand on Feb 18, 2024.
             Was a Believer of Ashenzari.
             Succumbed to a killer bee's poison
             ... on level 9 of the Dungeon.
             The game lasted 00:21:58 (9145 turns).

Anonymous1 the Unseen (Kobold Brigand)              Turns: 9145, Time: 00:21:58

Health: 0/58       AC:  6    Str:  9    XL:     10   Next: 97%
Magic:  10/10      EV: 19    Int: 13    God:    Ashenzari [**....]
Gold:   81         SH:  0    Dex: 20    Spells: 6/9 levels left

rFire   . . .        f - +0 dagger (venom)
rCold   . . .        (no shield)
rNeg    . . .        b - +0 robe "Inaction of Ashenzari" {Self, Comp} (curse)
rPois   .            m - +0 helmet
rElec   .            c - +0 cloak of Ouranomancy {Dev, Elem} (curse)
rCorr   .            t - +0 pair of gloves
SInv    +            q - +0 pair of boots
Will    .....        h - amulet "Sidereal Inaction" {RegenMP, Dev, Sorc} (curse)
Stlth   +++++++      (no ring)
HPRegen 0.29/turn    (no ring)
MPRegen 0.52/turn

%: no passive effects
@: lethally poisoned (0 -> -4)
A: small, no large weapons, nightstalker 3
a: Renounce Religion, Shatter the Chains


You were on level 9 of the Dungeon.
You worshipped Ashenzari.
Ashenzari was pleased with you.
You visited 2 branches of the dungeon, and saw 10 of its levels.

You collected 766 gold pieces.
You spent 685 gold pieces at shops.

Inventory:

Hand Weapons
 a - a +0 dagger of draining
 f - a +0 dagger of venom (weapon)
Missiles
 d - 21 poisoned darts (quivered)
 e - 4 curare-tipped darts
 B - a throwing net
Armour
 b - the cursed +0 robe "Inaction of Ashenzari" (worn) {Self, Comp}

   It has a curse which improves the following skills: Introspection: Fighting
   and Spellcasting.
   Companions: Summonings and Necromancy.
 c - the cursed +0 cloak of Ouranomancy (worn) {Dev, Elem}

   It has a curse which improves the following skills: Devices: Evocations and
   Shapeshifting.
   Elements:  Fire Magic, Ice Magic, Air Magic and Earth Magic.
 m - a +0 helmet (worn)
 q - a +0 pair of boots (worn)
 t - a +0 pair of gloves (worn)
Jewellery
 h - the cursed amulet "Sidereal Inaction" (around neck) {RegenMP, Dev, Sorc}
   (You found it on level 1 of the Dungeon)

   [amulet of magic regeneration]

   RegenMP:   It increases your rate of magic regeneration.
   It has a curse which improves the following skills: Devices: Evocations and
   Shapeshifting.
   Sorcery:   Conjurations and Alchemy.
 i - the amulet of the Inviting Messenger {Reflect rF- rC+ SH+5 SInv}
   (You found it on level 7 of the Dungeon)

   [amulet of reflection]

   Reflect:   It reflects blocked missile attacks.
   rF-:       It makes you vulnerable to fire.
   rC+:       It protects you from cold.
   SInv:      It lets you see invisible.
   SH+5:      It affects your SH (+5).
 u - a ring of fire
Wands
 z - a wand of paralysis (12)
 D - a wand of flame (7)
 E - a wand of quicksilver (3)
Scrolls
 g - 2 scrolls of poison
 j - a scroll of brand weapon
 p - 3 scrolls of blinking
 x - 2 scrolls of teleportation
 y - a scroll of enchant weapon
 C - a scroll of butterflies
Potions
 k - 2 potions of brilliance
 l - a potion of might
 n - a potion of magic
 r - a potion of resistance
 s - a potion of attraction
 v - a potion of enlightenment
 w - a potion of invisibility


   Skills:
 - Level 3.7(4.7) Fighting
 + Level 9.5 Short Blades
 - Level 4.3 Throwing
 + Level 6.6 Dodging
 + Level 15.4 Stealth
 * Level 6.7(8.5) Evocations


You had 6 spell levels left.
You knew the following spells:

 Your Spells              Type           Power      Damage    Failure   Level
C - Swiftness             Air            0%         N/A       65%         3

Your spell library contained the following spells:

 Spells                   Type           Power      Damage    Failure   Level
 Shock                    Conj/Air       0%         1d3       30%         1
 Summon Small Mammal      Summ           0%         N/A       30%         1
 Call Canine Familiar     Summ           0%         N/A       65%         3
 Frozen Ramparts          Ice            0%         1d1       65%         3
 Airstrike                Air            0%         2d(0-16)  96%         4
 Leda's Liquefaction      Alch/Erth      0%         N/A       96%         4
 Petrify                  Alch/Erth      0%         N/A       96%         4
 Summon Blazeheart Golem  Fire/Summ      0%         N/A       96%         4
 Manifold Assault         Tloc           0%         N/A       97%         4
 Metabolic Englaciation   Hex/Ice        0%         N/A       100%        5
 Dispersal                Tloc           0%         N/A       100%        6
 Disjunction              Tloc           0%         N/A       100%        8


Dungeon Overview and Level Annotations

Branches:
Dungeon (9/15)             Temple (1/1) D:5
   Lair: D:8-11         Orc: D:9-12

Altars:
Ashenzari
Cheibriados
Dithmenos
Elyvilon
Fedhas
Gozag
Hepliaklqana
Kikubaaqudgha
Makhleb
Nemelex Xobeh
Okawaru
Qazlal
Ru
Sif Muna
Trog
Uskayaw
Vehumet
Wu Jian
Xom
Yredelemnul
Zin
The Shining One


Innate Abilities, Weirdness & Mutations

You are small and have problems with some larger weapons.
You are completely attuned to the shadows.


Message History

You feel sick. The killer bee stings you!
The killer bee stings you but does no damage.
You hit the killer bee.
The killer bee is poisoned.
The killer bee is moderately wounded.
The killer bee misses you. The killer bee closely misses you.
You miss the killer bee.
The killer bee is moderately wounded.
You feel sick. The killer bee closely misses you. The killer bee stings you.
You miss the killer bee.
The killer bee is heavily wounded.
You feel sick. The killer bee completely misses you.
The killer bee closely misses you.
You hit the killer bee but do no damage.
The killer bee closely misses you. The killer bee stings you.
You are more poisoned.
The killer bee poisons you!
You closely miss the killer bee.
You feel sick.
You kill the killer bee!
The killer bee completely misses you.
You closely miss the killer bee.
You feel sick.
The killer bee stings you but does no damage.
You barely miss the killer bee.
You feel sick. The killer bee misses you.
You closely miss the killer bee.
You feel sick. The killer bee stings you.
* * * LOW HITPOINT WARNING * * *
You are lethally poisoned!
The killer bee poisons you!
Okay, then.
Okay, then.
Okay, then.
As you read the scroll of fear, it crumbles to dust.
You assume a fearsome visage.
The killer bee looks frightened!
* * * LOW HITPOINT WARNING * * *
You feel very sick.
* * * LOW HITPOINT WARNING * * *
You feel sick.
* * * LOW HITPOINT WARNING * * *
You feel sick.
* * * LOW HITPOINT WARNING * * *
You feel sick.
You die...

#....(..(.(. #..#
#......†.... #..#
#...(.......
####..###########.>.........
..........[.................
...........[†...............
....########).........#####
#...# #.[........# #...#
#....@.....# #[..#
#..........#
....########..........#
<............>..........
........................
############......
############.....
.................
#################


There were no monsters in sight!

Vanquished Creatures
  6 yaks
  A steam dragon (D:7)
  2 water moccasins
  2 orc warriors (D:6)
  2 sky beasts
  An ice beast (D:5)
  2 black bears (D:6)
  4 centaurs
  2 ogres
  4 phantoms
  2 kobold brigands
  2 bullfrogs
  5 scorpions
  3 wights (D:8)
  9 killer bees (D:9)
  An electric eel (D:7)
  3 howler monkeys
  A lava snake (D:7)
  3 hounds (D:6)
  4 bombardier beetles
  3 iguanas
  5 jellies
  2 orc priests
  2 sleepcaps
  2 gnoll boudas
  12 orc wizards
  Ijyb (D:4)
  Robin (D:3)
  10 adders
  10 gnolls
  2 ufetubi (D:6)
  4 dart slugs
  34 orcs
  4 endoplasms
  A giant cockroach (D:3)
  19 goblins
  7 hobgoblins
  3 jackals (D:4)
  4 quokkas
  2 ball pythons
  5 bats
  2 frilled lizards
  11 kobolds
  7 rats
212 creatures vanquished.

Vanquished Creatures (others)
  An orc wizard (D:9)
1 creature vanquished.

Grand Total: 213 creatures vanquished

Notes
Turn   | Place    | Note
-------+----------+-------------------------------------------
     0 | D:1      | Anonymous1 the Kobold Brigand began the quest for the Orb.
     0 | D:1      | Reached XP level 1. HP: 12/12 MP: 1/1
    81 | D:1      | Reached XP level 2. HP: 17/17 MP: 2/2
   309 | D:1      | Reached skill level 6 in Stealth
   414 | D:1      | Reached XP level 3. HP: 17/21 MP: 3/3
   891 | D:2      | Found a faded altar of an unknown god.
   984 | D:2      | Reached XP level 4. HP: 26/26 MP: 4/4
  1036 | D:2      | Reached skill level 7 in Stealth
  1304 | D:2      | Reached XP level 5. HP: 30/30 MP: 5/5
  1805 | D:3      | Noticed Robin
  1859 | D:3      | Killed Robin
  2087 | D:3      | Reached skill level 8 in Stealth
  2502 | D:3      | Reached XP level 6. HP: 35/35 MP: 6/6
  2649 | D:4      | Noticed an ogre
  2653 | D:4      | Killed an ogre
  2726 | D:4      | You fall into a shaft and drop 1 floor!
  2726 | D:5      | Entered Level 5 of the Dungeon
  2804 | D:5      | Reached skill level 9 in Stealth
  2830 | D:5      | Reached skill level 5 in Short Blades
  2994 | D:5      | Reached XP level 7. HP: 38/40 MP: 7/7
  3292 | D:4      | Noticed Ijyb
  3296 | D:4      | Killed Ijyb
  3703 | D:4      | Reached XP level 8. HP: 46/46 MP: 8/8
  3797 | D:4      | Found a stormy altar of Qazlal.
  3797 | D:4      | Found a glowing silver altar of Zin.
  3797 | D:4      | Found a blossoming altar of Fedhas.
  4000 | D:5      | Reached skill level 10 in Stealth
  4343 | D:5      | Found a staircase to the Ecumenical Temple.
  4356 | Temple   | Entered the Ecumenical Temple
  4363 | Temple   | Became a worshipper of Ashenzari the Shackled
  4513 | D:6      | Found Daham's Gadget Gallery.
  4518 | D:6      | Bought a wand of paralysis (4) for 144 gold pieces
  4698 | D:6      | Reached skill level 11 in Stealth
  4698 | D:6      | Reached skill level 1 in Evocations
  5023 | D:6      | Reached XP level 9. HP: 52/52 MP: 9/9
  5209 | D:6      | Reached skill level 12 in Stealth
  5807 | D:6      | Reached skill level 5 in Dodging
  5812 | D:6      | Reached skill level 13 in Stealth
  6160 | D:7      | Reached XP level 10. HP: 56/56 MP: 10/10
  6196 | D:6      | Found an ornate altar of the Wu Jian Council.
  6229 | D:6      | Learned a level 3 spell: Swiftness
  6510 | D:7      | Reached skill level 5 in Evocations
  6564 | D:7      | Reached * piety under Ashenzari
  6608 | D:7      | Identified the amulet of the Inviting Messenger {Reflect
                  | rF- rC+ SH+5 SInv}
  6833 | D:7      | Found a shadowy altar of Dithmenos.
  6833 | D:7      | Found a sparkling altar of Nemelex Xobeh.
  7030 | D:8      | Reached skill level 14 in Stealth
  7105 | D:8      | Found a hazy altar of Hepliaklqana.
  7287 | D:8      | Reached ** piety under Ashenzari
  7522 | D:6      | Bought a wand of flame (7) for 73 gold pieces
  7522 | D:6      | Bought a wand of paralysis (6) for 216 gold pieces
  7522 | D:6      | Bought a wand of quicksilver (4) for 252 gold pieces
  8345 | D:8      | Reached skill level 15 in Stealth
  9144 | D:9      | HP: 1/58 [poisoned by a killer bee]
  9145 | D:9      | Succumbed to a killer bee's poison

Illustrated notes

Levels and vault maps discovered:
D:1:      amcnicky_arrival_underground_garden, layout_loops_cross,
          serial_forest, infiniplex_forest_straight_2, infiniplex_forest_end_2,
          infiniplex_forest_clump_curved, infiniplex_forest_fountain,
          infiniplex_forest_split, infiniplex_forest_clump_long
D:2:      layout_basic, nicolae_ecumenical_oubliette
D:3:      minmay_inner_zag, layout_basic, uniq_robin
D:4:      layout_basic, gammafunk_temple_overflow_claw,
          chequers_serial_rivers_small_a, uniq_ijyb
D:5:      layout_basic, minmay_temple_entry_slanted
D:6:      minmay_polygon_palace, layout_loops_corners,
          nicolae_wu_jian_wuxing_cycle, nicolae_shop_gadgets
D:7:      layout_rooms, nicolae_overflow_two_pavilions, nicolae_lava_and_water
D:8:      layout_loops_ring, mainiacjoe_overflow_small_starburst
D:9:      layout_long_grid, david_lair_generic, serial_shops,
          nicolae_shop_rolled_up
Temple:   nicolae_temple_no_exploring_needed

Skill      XL: |  1  2  3  4  5  6  7  8  9 10 |
---------------+-------------------------------+-----
Stealth        | 6 7 8 9 11 13 15 | 15.4
Short Blades   | 3 4 5 6 7 8 9 |  9.5
Dodging        | 2 3 4 5 6 |  6.6
Fighting       | 3 |  3.7
Evocations     | 2 4 6 |  6.7
Throwing       | 3 4 |  4.3

Action                     |  1- 3 |  4- 6 |  7- 9 | 10-12 || total
---------------------------+-------+-------+-------+-------++-------
  Melee: Dagger            |    47 |   151 |   250 |   280 ||   728
         Whip              |       |       |     7 |       ||     7
  Throw: Dart              |       |     5 |    16 |    19 ||    40
 Invoke: Curse Item        |       |       |     1 |     2 ||     3
  Evoke: Wand              |       |       |    14 |    13 ||    27
    Use: Scroll            |       |     2 |     2 |     4 ||     8
         Potion            |       |     1 |       |     3 ||     4
   Stab: Sleeping          |    10 |    27 |    28 |    26 ||    91
         Distracted        |       |     1 |     2 |       ||     3
         Paralysed         |       |       |     1 |     1 ||     2
 Armour: Robe              |    17 |    61 |    93 |    89 ||   260
  Dodge: Dodged            |    25 |    85 |   129 |   165 ||   404

Table legend: (Time is in decaauts)
 A = Elapsed time spent in this place.
 B = Non-inter-level travel time spent in this place.
 C = Inter-level travel time spent in this place.
 D = Time resting spent in this place.
 E = Time spent auto-exploring this place.
 F = Levels seen in this place.
 G = Mean time per level.
                   A        B        C        D        E       F      G
               +--------+--------+--------+--------+--------+-----+--------+
         Total |   8890 |   8461 |    429 |   1140 |   5661 |  10 |  889.0 |
       Dungeon |   8876 |   8447 |    429 |   1140 |   5661 |   9 |  986.2 |
        Temple |     14 |     14 |      0 |      0 |      0 |   1 |   14.0 |
               +--------+--------+--------+--------+--------+-----+--------+

Top non-repeatable levels by time:
     D:6: 1717 daAuts
     D:8: 1443 daAuts
     D:3: 1087 daAuts
     D:4: 1007 daAuts
     D:7: 1003 daAuts
     D:1: 936 daAuts
     D:5: 844 daAuts
     D:2: 547 daAuts
     D:9: 287 daAuts
  Temple: 14 daAuts
